 Dungeon Crawl Stone Soup version 0.30-a0-723-gc1506a1cf0 (webtiles) character file.

Game seed: 14030188704731455644

234 teh the Sneak (level 6, -22/44 HPs)
             Began as a Gnoll Enchanter on Jan 28, 2023.
             Killed from afar by Jessica (25 damage)
             ... with a bolt of dispelling energy
             ... on level 3 of the Dungeon.
             The game lasted 00:02:31 (1899 turns).

teh the Sneak (Gnoll Enchanter)                     Turns: 1899, Time: 00:02:32

Health: -22/44     AC:  3    Str:  9    XL:     6   Next: 5%
Magic:  12/14      EV: 13    Int: 21    God:
Gold:   88         SH:  0    Dex: 12    Spells: 12/15 levels left

rFire   . . .      SeeInvis .    a - +2 dagger (elec)
rCold   . . .      Faith    .    (no shield)
rNeg    . . .      Spirit   .    h - +1 robe {Will+}
rPois   +          Reflect  .    (no helmet)
rElec   .          Harm     .    (no cloak)
rCorr   .          Rampage  .    (no gloves)
Will    +....                    (no boots)
Stlth   +++                      (no amulet)
HPRegen 0.27/turn                g - ring of poison resistance
MPRegen 0.14/turn                e - +6 ring of intelligence

@: no status effects
A: fangs 1, strong nose, distributed training
a: no special abilities


You were on level 3 of the Dungeon.
You visited 1 branch of the dungeon, and saw 3 of its levels.

You collected 88 gold pieces.

Inventory:

Hand Weapons
 a - a +2 dagger of electrocution (weapon)
Armour
 h - a +1 robe of willpower (worn)
Jewellery
 e - a +6 ring of intelligence (right hand)
 g - a ring of poison resistance (left hand)
Wands
 f - a wand of polymorph (7)
Scrolls
 j - a scroll of immolation
Potions
 c - 3 potions of invisibility
 d - 2 potions of curing


   Skills:
 + Level 1.8 Fighting
 + Level 3.2 Short Blades
 + Level 1.8 Long Blades
 + Level 1.8 Axes
 + Level 1.8 Maces & Flails
 + Level 1.8 Polearms
 + Level 1.8 Staves
 + Level 1.8 Ranged Weapons
 + Level 1.8 Throwing
 + Level 1.8 Armour
 + Level 4.9 Dodging
 + Level 6.2 Stealth
 + Level 1.8 Shields
 + Level 1.8 Unarmed Combat
 + Level 5.3 Spellcasting
 + Level 1.4 Conjurations
 + Level 5.6 Hexes
 + Level 1.4 Summonings
 + Level 1.4 Necromancy
 + Level 1.4 Translocations
 + Level 1.4 Transmutations
 + Level 1.4 Fire Magic
 + Level 1.4 Ice Magic
 + Level 1.4 Air Magic
 + Level 1.4 Earth Magic
 + Level 1.4 Poison Magic
 + Level 2.0 Invocations
 + Level 1.8 Evocations


You had 12 spell levels left.
You knew the following spells:

 Your Spells              Type           Power      Damage    Failure   Level
a - Confusing Touch       Hex            29%        N/A       3%          3

Your spell library contained the following spells:

 Spells                   Type           Power      Damage    Failure   Level
 Ensorcelled Hibernation  Hex/Ice        40%        N/A       3%          2
 Tukima's Dance           Hex            29%        N/A       3%          3
 Dazzling Flash           Conj/Hex       40%        N/A       8%          3
 Sublimation of Blood     Necr           11%        N/A       9%          2
 Wereblood                Tmut           11%        N/A       9%          2
 Summon Hydra             Summ           5%         N/A       100%        7


Dungeon Overview and Level Annotations

Branches:
Dungeon (3/15)

Altars:

Shops:
D:2 !

Annotations:
D:3 Jessica, Robin


Innate Abilities, Weirdness & Mutations

You have very sharp teeth.
Your uncanny sense of smell can sniff out nearby items.
Your experience applies equally to all skills.


Message History

Jessica says, "I'm really upset."
You closely miss the goblin. The goblin barely misses you.
Robin throws the goblin at you!
You miss the goblin. The goblin completely misses you.
The goblin hits you with a +0 club.
You hit the goblin.
The goblin is moderately wounded.
The goblin hits you with a +0 dagger. The goblin misses you.
Jessica gestures wildly while chanting.
Jessica seems to speed up.
You completely miss the goblin. Your bite misses the goblin.
The goblin is moderately wounded.
The goblin barely misses you. The goblin misses you.
You closely miss the goblin.
The goblin is moderately wounded.
You barely miss the goblin.
The goblin is moderately wounded.
The goblin misses you. The goblin completely misses you.
You hit the goblin.
The goblin is severely wounded.
The goblin hits you but does no damage. The goblin barely misses you.
Jessica zaps a wand.
The bolt of dispelling energy hits the goblin!
The goblin dies!
The bolt of dispelling energy hits you!
You barely miss the goblin.
The goblin is severely wounded.
Jessica zaps a wand.
The bolt of dispelling energy hits the hobgoblin!
The hobgoblin dies!
The bolt of dispelling energy hits you!
* * * LOW HITPOINT WARNING * * *
The goblin hits you with a +0 club.
* * * LOW HITPOINT WARNING * * *
You hit the goblin.
You kill the goblin!
Jessica zaps a wand.
The bolt of dispelling energy hits you!!
Ouch! That really hurt!
You die...

#..##. #........#
...# #.#.†.######
#..####..[.#######
.............<.####.#
....................#
#######.#.####.######
#.#<# #.# #.#.# #)#
#.#.. #@# #.#.. #)#
#....# @g. .# ##... ∆
...## ##.# .# .#


You could see Robin and Jessica (fast).

Vanquished Creatures
  Sigmund (D:3)
  An adder (D:2)
  2 worms (D:2)
  A dart slug (D:2)
  An orc (D:2)
  A ball python (D:3)
  6 bats
  7 endoplasms
  2 giant cockroaches
  8 goblins
  4 hobgoblins
  3 kobolds
  2 quokkas (D:1)
  3 frilled lizards
  4 rats
46 creatures vanquished.

Vanquished Creatures (others)
  A hobgoblin (D:3)
  A goblin (D:3)
2 creatures vanquished.

Grand Total: 48 creatures vanquished

Notes
Turn   | Place    | Note
-------+----------+-------------------------------------------
     0 | D:1      | teh the Gnoll Enchanter began the quest for the Orb.
     0 | D:1      | Reached XP level 1. HP: 13/13 MP: 6/6
   251 | D:1      | Reached XP level 2. HP: 2/19 MP: 7/7
  1151 | D:2      | Reached skill level 5 in Spellcasting
  1151 | D:2      | Reached XP level 3. HP: 25/25 MP: 7/9
  1206 | D:2      | Reached skill level 6 in Stealth
  1271 | D:2      | Reached skill level 1 in Invocations
  1379 | D:2      | Reached skill level 1 in Fighting
  1379 | D:2      | Reached skill level 1 in Long Blades
  1379 | D:2      | Reached skill level 1 in Axes
  1379 | D:2      | Reached skill level 1 in Maces & Flails
  1379 | D:2      | Reached skill level 1 in Polearms
  1379 | D:2      | Reached skill level 1 in Staves
  1379 | D:2      | Reached skill level 1 in Ranged Weapons
  1379 | D:2      | Reached skill level 1 in Throwing
  1379 | D:2      | Reached skill level 1 in Armour
  1379 | D:2      | Reached skill level 1 in Shields
  1379 | D:2      | Reached skill level 1 in Unarmed Combat
  1379 | D:2      | Reached skill level 1 in Evocations
  1426 | D:2      | Found Ragrui's Distillery.
  1723 | D:2      | Reached XP level 4. HP: 32/32 MP: 11/11
  1770 | D:2      | Learned a level 3 spell: Confusing Touch
  1822 | D:3      | Noticed Sigmund
  1836 | D:3      | Killed Sigmund
  1837 | D:3      | Reached skill level 1 in Conjurations
  1837 | D:3      | Reached skill level 1 in Summonings
  1837 | D:3      | Reached skill level 1 in Necromancy
  1837 | D:3      | Reached skill level 1 in Translocations
  1837 | D:3      | Reached skill level 1 in Transmutations
  1837 | D:3      | Reached skill level 1 in Fire Magic
  1837 | D:3      | Reached skill level 1 in Ice Magic
  1837 | D:3      | Reached skill level 1 in Air Magic
  1837 | D:3      | Reached skill level 1 in Earth Magic
  1837 | D:3      | Reached skill level 1 in Poison Magic
  1837 | D:3      | Reached XP level 5. HP: 38/38 MP: 8/12
  1837 | D:3      | Reached XP level 6. HP: 44/44 MP: 8/13
  1874 | D:3      | Noticed Jessica
  1877 | D:3      | Noticed Robin
  1898 | D:3      | HP: 2/44 [goblin/+0 club[Robin] (3)]
  1899 | D:3      | Killed from afar by Jessica

Illustrated notes

Levels and vault maps discovered:
D:1:      minmay_arrival_four_houses, layout_basic
D:2:      layout_loops_ring, serial_shops, nicolae_shop_crystal
D:3:      layout_loops_ring, makhleb_altar_promises_db,
          hellmonk_ecumenical_altar_zigzags, serial_park_tiny_2, uniq_jessica,
          uniq_sigmund, uniq_robin

Skill      XL: |  1  2  3  4 |
---------------+-------------+-----
Spellcasting   | 5 |  5.3
Stealth        | 6 |  6.2
Invocations    | 1 2 |  2.0
Fighting       | 1 |  1.8
Long Blades    | 1 |  1.8
Axes           | 1 |  1.8
Maces & Flails | 1 |  1.8
Polearms       | 1 |  1.8
Staves         | 1 |  1.8
Ranged Weapons | 1 |  1.8
Throwing       | 1 |  1.8
Armour         | 1 |  1.8
Shields        | 1 |  1.8
Unarmed Combat | 1 |  1.8
Evocations     | 1 |  1.8
Short Blades   | 3 |  3.2
Conjurations   | 1 |  1.4
Summonings     | 1 |  1.4
Necromancy     | 1 |  1.4
Translocations | 1 |  1.4
Transmutations | 1 |  1.4
Fire Magic     | 1 |  1.4
Ice Magic      | 1 |  1.4
Air Magic      | 1 |  1.4
Earth Magic    | 1 |  1.4
Poison Magic   | 1 |  1.4
Dodging        | |  4.9
Hexes          | |  5.6

Action                     |  1- 3 |  4- 6 || total
---------------------------+-------+-------++-------
  Melee: Dagger            |   109 |    33 ||   142
         Bite              |     5 |     4 ||     9
   Cast: Confusing Touch   |       |     3 ||     3
    Use: Scroll            |     5 |       ||     5
   Stab: Sleeping          |    14 |     1 ||    15
 Armour: Robe              |    11 |     2 ||    13
  Dodge: Dodged            |    53 |    16 ||    69

Table legend: (Time is in decaauts)
 A = Elapsed time spent in this place.
 B = Non-inter-level travel time spent in this place.
 C = Inter-level travel time spent in this place.
 D = Time resting spent in this place.
 E = Time spent auto-exploring this place.
 F = Levels seen in this place.
 G = Mean time per level.
                   A        B        C        D        E       F      G
               +--------+--------+--------+--------+--------+-----+--------+
         Total |   1879 |   1818 |     61 |      0 |   1475 |   3 |  626.3 |
       Dungeon |   1879 |   1818 |     61 |      0 |   1475 |   3 |  626.3 |
               +--------+--------+--------+--------+--------+-----+--------+

Top non-repeatable levels by time:
     D:1: 1179 daAuts
     D:2: 577 daAuts
     D:3: 123 daAuts
